 Dungeon Crawl Stone Soup version 0.30-b1-2-g02819fbbbe (webtiles) character file.

Game seed: 12777161058287939896

1045 Metae the Trooper (level 8, 0/70 HPs)
             Began as a Minotaur Fighter on July 3, 2023.
             Slain by a vampire (4 damage)
             ... on level 5 of the Dungeon.
             The game lasted 00:09:13 (4296 turns).

Metae the Trooper (Minotaur Fighter)                Turns: 4296, Time: 00:09:13

Health: 0/70       AC: 16    Str: 28    XL:     8   Next: 4%
Magic:  7/7        EV:  6    Int:  5    God:
Gold:   313        SH:  0    Dex: 11    Spells: 7/7 levels left

rFire   . . .        a - +0 rapier
rCold   . . .        E - +0 tower shield
rNeg    . . .        s - +0 plate armour
rPois   .            (helmet restricted)
rElec   .            (no cloak)
rCorr   .            (no gloves)
SInv    .            (no boots)
Will    .....        (no amulet) Stlth
                     y - +4 ring of protection
HPRegen 0.31/turn    j - +6 ring of strength
MPRegen 0.10/turn

%: no passive effects
@: confused, mighty, hasted, very quick
A: horns 2, retaliatory headbutt
a: no special abilities


You were on level 5 of the Dungeon.
You visited 1 branch of the dungeon, and saw 5 of its levels.

You collected 313 gold pieces.

Inventory:

Hand Weapons
 a - a +0 rapier (weapon)
 k - a +0 dagger of speed
Missiles
 c - 16 stones (quivered)
Armour
 s - a +0 plate armour (worn)
 E - a +0 tower shield (worn)
Jewellery
 f - a ring of resist corrosion
 j - a +6 ring of strength (right hand)
 t - a ring of magical power
 w - a +6 ring of intelligence
 y - a +4 ring of protection (left hand)
 D - a ring of see invisible
 G - a ring of protection from fire
Wands
 B - a wand of polymorph (9)
Scrolls
 b - a scroll of enchant weapon {unknown}
 g - 3 scrolls of amnesia {unknown}
 i - 4 scrolls of identify {unknown}
 l - a scroll of butterflies {unknown}
 m - 2 scrolls of teleportation {unknown}
 n - 2 scrolls of fog {unknown}
 o - 3 scrolls of noise {unknown}
 p - a scroll of silence {unknown}
 u - a scroll of enchant armour {unknown}
 A - a scroll of vulnerability {unknown}
 C - 2 scrolls of magic mapping {unknown}
Potions
 h - 2 potions of magic {unknown}
 q - 2 potions of resistance {unknown}
 r - 2 potions of curing {unknown}
 v - 3 potions of haste
 x - a potion of flight {unknown}
 z - a potion of brilliance {unknown}
 F - a potion of degeneration {unknown}


   Skills:
 + Level 6.2 Fighting
 + Level 5.0 Short Blades
 + Level 6.2 Armour
 + Level 4.3 Dodging
 + Level 6.1 Shields


You had 7 spell levels left.
You didn't know any spells.
Your spell library contained the following spells:

 Spells                   Type           Power      Damage    Failure   Level
 Sandblast                Erth           0%         2d4       100%        1
 Passwall                 Tmut/Erth      0%         N/A       100%        2
 Poisonous Vapours        Pois/Air       0%         N/A       100%        2
 Inner Flame              Hex/Fire       0%         N/A       100%        3
 Mephitic Cloud           Conj/Pois/Air  0%         N/A       100%        3
 Stone Arrow              Conj/Erth      0%         3d7       100%        3
 Vhi's Electric Charge    Tloc/Air       0%         N/A       100%        3
 Flame Wave               Conj/Fire      0%         2d4       100%        4
 Sticky Flame             Conj/Fire      0%         2d3       100%        4
 Arcjolt                  Conj/Air       0%         1d10      100%        5
 Freezing Cloud           Conj/Ice/Air   0%         6-21      100%        5
 Plasma Beam              Fire/Air       0%         2x1d11    100%        6


Dungeon Overview and Level Annotations

Branches:
Dungeon (5/15)
 Temple: D:4-7

Altars:
Dithmenos
Wu Jian
The Shining One

Shops:
D:2 =   D:3 =

Annotations:
D:5 1 runed translucent door, Crazy Yiuf


Innate Abilities, Weirdness & Mutations

You have a pair of horns on your head.
You reflexively headbutt those who attack you in melee.


Message History

You feel very mighty all of a sudden. Something hits you.
* * * LOW HITPOINT WARNING * * *
Something bites you.
* * * LOW HITPOINT WARNING * * *
Something draws strength from your injuries!
You miss something. Your headbutt misses something.
Something hits you but does no damage. Something bites you but does no damage.
You barely miss something.
You hear some strange, mumbled words.
You are confused.
You miss something. Your headbutt misses something.
A vampire appears from thin air!
Reactivating autopickup.
The vampire hits you.
* * * LOW HITPOINT WARNING * * *
The vampire bites you but does no damage.
The vampire attacks as you move away! The vampire hits you.
* * * LOW HITPOINT WARNING * * *
The vampire bites you.
* * * LOW HITPOINT WARNING * * *
The vampire draws strength from your injuries!
The vampire gestures at you while chanting.
You are more confused.
You closely miss the vampire. Your headbutt misses the vampire.
The vampire is lightly damaged.
The vampire hits you but does no damage.
The vampire bites you but does no damage.
The vampire mumbles some strange words.
The vampire flickers and vanishes!
Deactivating autopickup; reactivate with Ctrl-A.
It was a potion of haste.
You feel yourself speed up. Something hits you.
* * * LOW HITPOINT WARNING * * *
Something bites you but does no damage.
Okay, then.
You miss something.
You hear some strange, mumbled words.
Something tries to affect you, but you resist.
You miss something. Something hits you.
You die...

##.# #.. #..##.# ###
##....# #.##
###..#..#####....
##.###...##..........
##......#..........
###.........####.#
###......{..# ..#
#....##.@...###.##
#.......#..........#
#..######...###...##...
## ##.## ###.# .. #.#
#.###.# .## #.##..# #.
##....# ...######.###.#
#.......####.#


There were no monsters in sight!

Vanquished Creatures
  Prince Ribbit (D:5)
  A water moccasin (D:5)
  An ice beast (D:5)
  2 black bears (D:4)
  An ogre (D:4)
  A phantom (D:5)
  An orc priest (D:5)
  Jessica (D:2)
  2 iguanas
  4 gnolls (D:4)
  10 adders
  A shadow imp (D:5)
  An ufetubus (D:5)
  A worm (D:2)
  A dart slug (D:1)
  3 orcs
  3 endoplasms
  A giant cockroach (D:4)
  8 goblins
  9 hobgoblins
  4 jackals (D:2)
  10 ball pythons
  13 bats
  2 frilled lizards
  6 kobolds
  5 rats
93 creatures vanquished.

Notes
Turn   | Place    | Note
-------+----------+-------------------------------------------
     0 | D:1      | Metae the Minotaur Fighter began the quest for the Orb.
     0 | D:1      | Reached XP level 1. HP: 19/19 MP: 0/0
    85 | D:1      | Found a faded altar of an unknown god.
   144 | D:1      | Reached XP level 2. HP: 27/27 MP: 1/1
   344 | D:1      | Reached skill level 1 in Dodging
   508 | D:1      | Reached XP level 3. HP: 33/33 MP: 2/2
  1140 | D:2      | Noticed Jessica
  1150 | D:2      | Killed Jessica
  1151 | D:2      | Reached XP level 4. HP: 4/40 MP: 3/3
  1392 | D:2      | Found Buzal's Jewellery Shop.
  2121 | D:3      | Found an ornate altar of the Wu Jian Council.
  2272 | D:3      | Found Erpheaty's Jewellery Emporium.
  2584 | D:4      | Found a glowing golden altar of the Shining One.
  2589 | D:4      | Noticed a black bear
  2592 | D:4      | Reached XP level 5. HP: 47/47 MP: 4/4
  2603 | D:4      | Killed a black bear
  2731 | D:4      | Found a shadowy altar of Dithmenos.
  2760 | D:4      | Noticed a black bear
  2772 | D:4      | Killed a black bear
  2773 | D:4      | Reached skill level 5 in Fighting
  2773 | D:4      | Reached skill level 5 in Armour
  2773 | D:4      | Reached XP level 6. HP: 55/56 MP: 5/5
  2837 | D:4      | Reached skill level 5 in Shields
  3411 | D:5      | Entered Level 5 of the Dungeon
  3424 | D:5      | Reached XP level 7. HP: 57/61 MP: 6/6
  3841 | D:5      | Noticed Prince Ribbit
  3892 | D:5      | Killed Prince Ribbit
  3893 | D:5      | Reached XP level 8. HP: 10/70 MP: 7/7
  3961 | D:5      | Reached skill level 5 in Short Blades
  4193 | D:5      | Found a runed translucent door.
  4194 | D:5      | Noticed Crazy Yiuf
  4296 | D:5      | Slain by a vampire

Illustrated notes

Levels and vault maps discovered:
D:1:      co_arrival_square_in_a_square_in_a_square, layout_basic,
          ebering_ecumenical_altar_ruins, corexii_leaking_fountain
D:2:      minmay_skewed_foursquare, layout_loops_cross, serial_shops,
          nicolae_shop_tiny_waterfront, uniq_sigmund, uniq_jessica
D:3:      layout_loops_ring, amcnicky_altar_gilded, serial_shops,
          nicolae_lakefront_shop
D:4:      layout_gridville, nicolae_dithmenos_through_a_glass_darkly,
          lemuel_doored_altar
D:5:      layout_layer_cave, portal_sewer_entry_e, kennysheep_generic_room_5,
          uniq_crazy_yiuf_cottage, uniq_prince_ribbit1, uniq_eustachio

Skill      XL: |  1  2  3  4  5  6  7  8 |
---------------+-------------------------+-----
Dodging        | 1 2 3 4 |  4.3
Armour         | 4 5 6 |  6.2
Fighting       | 4 5 6 |  6.2
Shields        | 4 5 6 |  6.1
Short Blades   | 3 4 5 |  5.0

Action                     |  1- 3 |  4- 6 |  7- 9 || total
---------------------------+-------+-------+-------++-------
  Melee: Rapier            |    93 |   130 |   130 ||   353
         Headbutt          |    15 |    23 |    17 ||    55
    Use: Potion            |       |       |     2 ||     2
 Armour: Scale mail        |     4 |       |       ||     4
         Chain mail        |    45 |       |       ||    45
         Plate armour      |     6 |    96 |    71 ||   173
  Dodge: Dodged            |    44 |    65 |    16 ||   125
  Block: Buckler           |    28 |    16 |       ||    44
         Tower shield      |       |    18 |    86 ||   104
